 Dungeon Crawl Stone Soup version 0.28.0 (webtiles) character file.

Game seed: 7540270167557694179

390 Cykl0x the Digger (level 6, -1/37 HPs)
             Began as a Gargoyle Earth Elementalist on Feb 10, 2022.
             Slain by a yak (10 damage)
             ... on level 4 of the Dungeon.
             The game lasted 00:11:16 (3435 turns).

Cykl0x the Digger (Gargoyle Earth Elementalist)     Turns: 3435, Time: 00:11:17

Health: -1/37      AC:  8    Str: 12    XL:     6   Next: 80%
Magic:  0/11       EV: 11    Int: 17    God:
Gold:   142        SH:  0    Dex: 10    Spells: 5/12 levels left

rFire   . . .      SeeInvis .   h - +2 dagger (venom)
rCold   . . .      Faith    .   (no shield)
rNeg    + . .      Spirit   .   g - +0 leather armour
rPois   ∞          Reflect  .   (no helmet)
rElec   +          Harm     .   (no cloak)
rCorr   .          Rampage  .   (no gloves)
Will    .....                   l - +0 pair of boots
Stlth   ++........              (no amulet)
HPRegen 0.12/turn               (no ring)
MPRegen 0.12/turn               (no ring)

@: flying, hasted, very quick
A: sickness immunity, AC +4, negative energy resistance 1, electricity
resistance, torment resistance 1, petrification resistance
a: no special abilities


You were on level 4 of the Dungeon.
You visited 1 branch of the dungeon, and saw 4 of its levels.

You collected 142 gold pieces.

Inventory:

Hand Weapons
 h - a +2 dagger of venom (weapon)
 m - a +0 rapier
Missiles
 c - 78 stones
Armour
 b - a +0 robe
 f - a +0 scale mail
 g - a +0 leather armour (worn)
 l - a +0 pair of boots (worn)
 p - a +0 ring mail
Scrolls
 d - a scroll of brand weapon
Potions
 k - a potion of might {unknown}
 n - a potion of attraction {unknown}
 o - a potion of berserk rage {unknown}


   Skills:
 * Level 3.2 Fighting
 + Level 2.3 Armour
 + Level 1.7 Dodging
 - Level 2.1 Stealth
 + Level 3.6 Spellcasting
 + Level 2.6 Conjurations
 - Level 0.7 Transmutations
 + Level 5.1 Earth Magic


You had 5 spell levels left.
You knew the following spells:

 Your Spells              Type           Power      Damage    Failure   Level
a - Sandblast             Erth           40%        2d10      2%          1
b - Passwall              Tmut/Erth      10%        N/A       10%         2
c - Magic Dart            Conj           48%        1d5       7%          1
d - Stone Arrow           Conj/Erth      32%        3d9       13%         3

Your spell library contained the following spells:

 Spells                   Type           Power      Damage    Failure   Level
 Call Imp                 Summ           3%         N/A       32%         2
 Mephitic Cloud           Conj/Pois/Air  6%         N/A       41%         3
 Petrify                  Tmut/Erth      13%        N/A       52%         4
 Malign Gateway           Summ/Tloc      1%         N/A       100%        7
 Summon Horrible Things   Summ           1%         N/A       100%        8


Dungeon Overview and Level Annotations

Branches:
Dungeon (4/15)
 Temple: D:4-7

Altars:
Makhleb

Shops:
D:2 (

Annotations:
D:4 Sigmund


Innate Abilities, Weirdness & Mutations

You are immune to sickness and miasma.
Your stone body is resilient. (AC +4)
You are immune to poison.
You resist negative energy. (rN+)
You are resistant to electric shocks. (rElec)
You are resistant to unholy torment.
You are immune to petrification.


Message History

Casting: Stone Arrow (quite dangerous; 13% risk of failure)
Confirm with . or Enter, or press ? or * to list all spells.
The spell is quite dangerous to miscast (13% risk of failure)!
Continue anyway?
Aiming: Stone Arrow (quite dangerous; 13% risk of failure)
Press: ? - help, Shift-Dir - straight line, f/p - Sigmund
Aim: Sigmund, wielding a +0 scythe and wearing a +0 robe (moderately wounded, 64% to hit)
The stone arrow hits Sigmund!
Sigmund is severely wounded.
Sigmund hits you from afar with a +0 scythe.
* * * LOW HITPOINT WARNING * * *
It was a potion of brilliance.
You feel clever all of a sudden. Sigmund casts a spell at you.
The magic dart hits you.
* * * LOW HITPOINT WARNING * * *
Casting: Stone Arrow (quite dangerous; 13% risk of failure)
Confirm with . or Enter, or press ? or * to list all spells.
Okay, then.
It was a potion of cancellation.
Your magical effects are unravelling.
You feel magically purged.
You feel a little less clever now.
It was a potion of haste.
You feel yourself speed up.
It was a potion of flight.
You feel very buoyant.
You fly up into the air.
The yak gores you but does no damage. Sigmund closely misses you.
Unknown command.
Casting: Stone Arrow (quite dangerous; 13% risk of failure)
Confirm with . or Enter, or press ? or * to list all spells.
The spell is quite dangerous to miscast (13% risk of failure)!
Continue anyway?
Aiming: Stone Arrow (quite dangerous; 13% risk of failure)
Press: ? - help, Shift-Dir - straight line, f/p - Sigmund
Aim: Sigmund, wielding a +0 scythe and wearing a +0 robe (heavily wounded, 64% to hit)
The stone arrow hits the yak!
The yak is moderately wounded.
You hit the yak.
The yak is poisoned.
The yak is heavily wounded.
The yak gores you!
You die...

...# #.# ##.# #..# #.#
##..# #..# #.###.#.##
#..# ####....###..
#..###########
#......## ##.
#............#
#.......###.#
##.#########.#
#..#####.#.##
#.#########.########..#
##.##
#..............@Y.@...#
#.#
#######################
#.### #.... #####


You could see a yak (very poisoned) and Sigmund.

Vanquished Creatures
  2 yaks
  4 adders
  An ufetubus (D:4)
  A worm (D:2)
  A dart slug (D:1)
  5 orcs
  4 endoplasms
  3 giant cockroaches
  9 goblins
  4 hobgoblins
  2 jackals (D:1)
  2 quokkas (D:2)
  2 ball pythons (D:1)
  5 bats
  4 frilled lizards
  A kobold (D:3)
  4 rats
54 creatures vanquished.

Vanquished Creatures (others)
  3 fungi (D:2)
  5 plants (D:2)
8 creatures vanquished.

Grand Total: 62 creatures vanquished

Notes
Turn   | Place    | Note
-------+----------+-------------------------------------------
     0 | D:1      | Cykl0x the Gargoyle Earth Elementalist began the quest for
                  | the Orb.
     0 | D:1      | Reached XP level 1. HP: 10/10 MP: 3/3
   276 | D:1      | Reached XP level 2. HP: 16/16 MP: 1/5
   371 | D:1      | Reached skill level 4 in Earth Magic
   889 | D:2      | Learned a level 2 spell: Passwall
   902 | D:2      | Learned a level 1 spell: Magic Dart
   906 | D:2      | Reached skill level 1 in Fighting
   957 | D:2      | Reached XP level 3. HP: 20/20 MP: 0/6
  1198 | D:2      | Found Laon's Weapon Boutique.
  1274 | D:2      | Reached skill level 1 in Conjurations
  1335 | D:2      | Found a faded altar of an unknown god.
  1805 | D:3      | Reached XP level 4. HP: 25/25 MP: 1/7
  1893 | D:3      | Found a burning altar of Makhleb.
  1893 | D:3      | Noticed an Executioner
  1896 | D:3      | Noticed an orange demon
  1896 | D:3      | Noticed a ynoxinul
  2017 | D:3      | Learned a level 3 spell: Stone Arrow
  2625 | D:4      | Noticed a yak
  2679 | D:4      | Noticed a yak
  2763 | D:3      | Killed a yak
  2764 | D:3      | Reached skill level 1 in Armour
  2764 | D:3      | Reached XP level 5. HP: 15/31 MP: 1/9
  3056 | D:3      | Reached XP level 6. HP: 26/36 MP: 7/10
  3364 | D:4      | Noticed a yak
  3365 | D:4      | Noticed Sigmund
  3391 | D:4      | Killed a yak
  3392 | D:4      | Reached skill level 5 in Earth Magic
  3435 | D:4      | Slain by a yak

Illustrated notes

Levels and vault maps discovered:
D:1:      dpeg_arrival_simpleton_a, layout_rooms, minmay_tetromino_i2
D:2:      layout_basic, serial_shops, shop,
          shapermc_ecumenical_altar_mp_urbaneastern
D:3:      layout_loops_cross, makhleb_altar_promises_db
D:4:      layout_loops_ring, kennysheep_cross_room, grunt_tough_drop,
          uniq_sigmund

Skill      XL: |  1  2  3  4  5  6 |
---------------+-------------------+-----
Earth Magic    | 4 5 |  5.1
Fighting       | 1 2 3 |  3.2
Conjurations   | 1 2 |  2.6
Armour         | 1 2 |  2.3
Spellcasting   | 3 |  3.6
Dodging        | |  1.7
Stealth        | |  2.1
Transmutations | |  0.7

Action                   |  1- 3 |  4- 6 || total
-------------------------+-------+-------++-------
Melee: Unarmed           |    19 |       ||    19
       Dagger            |    11 |    23 ||    34
       Punch             |     1 |       ||     1
 Cast: Sandblast         |    35 |    10 ||    45
       Magic Dart        |    34 |    20 ||    54
       Stone Arrow       |       |    14 ||    14
  Use: Scroll            |     3 |     1 ||     4
       Potion            |       |     4 ||     4
Armor: Robe              |     5 |       ||     5
       Leather armour    |    18 |    18 ||    36
Dodge: Dodged            |    31 |    24 ||    55
